 Dungeon Crawl Stone Soup version 0.31-a0-978-g1e143483b6 (webtiles) character file.

Game seed: 4987442574697938376

53 Arzdou the Chiller (level 3, -5/19 HPs)
             Began as a Deep Elf Ice Elementalist on Oct 30, 2023.
             Slain by Grinder (6 damage)
             ... on level 3 of the Dungeon.
             The game lasted 00:03:22 (2308 turns).

Arzdou the Chiller (Deep Elf Ice Elementalist)      Turns: 2308, Time: 00:03:23

Health: -5/19      AC: 10    Str:  5    XL:     3   Next: 64%
Magic:  8/10       EV: 13    Int: 21    God:
Gold:   158        SH:  0    Dex: 15    Spells: 3/10 levels left

rFire   . . .        f - +0 dagger
rCold   . . .        (no shield)
rNeg    . . .        a - +0 robe
rPois   +            o - +0 helmet
rElec   .            (no cloak)
rCorr   .            (no gloves)
SInv    .            (no boots)
Will    .....        (no amulet)
Stlth   ++           c - ring of poison resistance
HPRegen 0.23/turn    (no ring)
MPRegen 0.12/turn

%: no passive effects
@: ice-armoured
A: no striking features
a: no special abilities


You were on level 3 of the Dungeon.
You visited 1 branch of the dungeon, and saw 3 of its levels.

You collected 158 gold pieces.

Inventory:

Hand Weapons
 f - a +0 dagger (weapon)
Missiles
 m - 34 stones
Armour
 a - a +0 robe (worn)
 o - a +0 helmet (worn)
Jewellery
 c - a ring of poison resistance (left hand)
Scrolls
 h - a scroll of revelation {unknown}
 i - a scroll of identify {unknown}
 j - a scroll of blinking {unknown}
 l - a scroll of enchant weapon {unknown}
 n - a scroll of fear {unknown}
 p - a scroll of amnesia {unknown}
 r - a scroll of fog {unknown}
Potions
 d - a potion of might {unknown}
 e - 2 potions of lignification {unknown}
 g - 2 potions of heal wounds {unknown}
 k - a potion of haste {unknown}
 q - a potion of mutation {unknown}


   Skills:
 - Level 3.0 Dodging
 - Level 3.1 Stealth
 + Level 4.0 Spellcasting
 + Level 4.9 Ice Magic


You had 3 spell levels left.
You knew the following spells:

 Your Spells              Type           Power      Damage    Failure   Level
a - Freeze                Ice            100%       1d10      1%          1
b - Frozen Ramparts       Ice            50%        1d8       4%          3
c - Ozocubu's Armour      Ice            25%        N/A       4%          3

Your spell library contained the following spells:

 Spells                   Type           Power      Damage    Failure   Level
 Lesser Beckoning         Tloc           8%         N/A       19%         2
 Gell's Gravitas          Tloc           4%         N/A       34%         3
 Inner Flame              Hex/Fire       4%         N/A       34%         3
 Teleport Other           Tloc           4%         N/A       34%         3
 Summon Ice Beast         Ice/Summ       14%        N/A       41%         4
 Flame Wave               Conj/Fire      4%         2d5       75%         4
 Sticky Flame             Conj/Fire      4%         2d3       75%         4


Dungeon Overview and Level Annotations

Branches:
Dungeon (3/15)

Altars:
Xom

Annotations:
D:3 Grinder


Message History

* * * LOW HITPOINT WARNING * * *
You writhe in agony.
* * * LOW HITPOINT WARNING * * *
You can move again.
Unknown command.
You hit Grinder.
Grinder is lightly wounded.
Grinder misses you.
You barely miss Grinder.
Grinder is lightly wounded.
Grinder gestures at you. You resist with significant effort.
You hit Grinder.
Grinder is lightly wounded.
Grinder says, "Don't move a muscle."
Grinder barely misses you. Magic courses through your body.
Grinder closely misses you.
You are too injured to fight recklessly!
You are too injured to fight recklessly!
You are too injured to fight recklessly!
Casting: Freeze (safe; 1% risk of failure)
Confirm with . or Enter, or press ? or * to list all spells.
Aiming: Freeze (safe; 1% risk of failure)
Press: ? - help, Shift-Dir - straight line, f/p - Grinder
Aim: Grinder (lightly wounded)
You freeze Grinder.
Grinder resists.
Grinder is lightly wounded.
Grinder closely misses you.
Unknown command.
Casting: Freeze (safe; 1% risk of failure)
Confirm with . or Enter, or press ? or * to list all spells.
Aiming: Freeze (safe; 1% risk of failure)
Press: ? - help, Shift-Dir - straight line, f/p - Grinder
Aim: Grinder (lightly wounded)
You freeze Grinder but do no damage.
Grinder completely resists.
Grinder hits you.
* * * LOW HITPOINT WARNING * * *
You writhe in agony.
You die...
Grinder says, "Now the real fun starts!"

########## # ##
#.@........# ##.##
##5########.#####
##...###.......5........
#.......................
#..>......#.###.####.####.
#.###.###.#.# ### .. # #.
#.#.# ## #. #.#.#
#.###.#.#


You could see Grinder.

Vanquished Creatures
  An adder (D:2)
  A dart slug (D:3)
  A worm (D:3)
  2 orcs (D:3)
  2 bats (D:3)
  2 endoplasms
  2 giant cockroaches
  5 goblins
  2 hobgoblins (D:1)
  3 jackals (D:2)
  5 kobolds
  2 quokkas
  4 ball pythons
  A frilled lizard (D:2)
  2 rats
35 creatures vanquished.

Notes
Turn   | Place    | Note
-------+----------+-------------------------------------------
     0 | D:1      | Arzdou the Deep Elf Ice Elementalist began the quest for
                  | the Orb.
     0 | D:1      | Reached XP level 1. HP: 10/10 MP: 6/6
   222 | D:1      | Reached XP level 2. HP: 15/15 MP: 5/8
  1274 | D:2      | Reached XP level 3. HP: 12/19 MP: 3/10
  1343 | D:2      | Learned a level 3 spell: Frozen Ramparts
  1347 | D:2      | Learned a level 3 spell: Ozocubu's Armour
  1586 | D:2      | Found a shimmering altar of Xom.
  2268 | D:3      | Noticed Grinder
  2293 | D:3      | Paralysed by Grinder for 2 turns
  2300 | D:3      | Paralysed by Grinder for 3 turns
  2308 | D:3      | Slain by Grinder

Illustrated notes

Levels and vault maps discovered:
D:1:      shiori_arrival_oz, layout_basic
D:2:      layout_basic, basic_altar
D:3:      layout_loops_ring, pdpol_wu_jian_five_deadly_venoms,
          basic_ecumenical_altar, kennysheep_small_spiral, uniq_grinder

Skill      XL: |  1  2  3 |
---------------+----------+-----
Stealth        | 3 |  3.1
Dodging        | 3 |  3.0
Spellcasting   | 4 |  4.0
Ice Magic      | |  4.9

Action                     || total
---------------------------++-------
  Melee: Dagger            ||    14
         Unarmed           ||     1
   Cast: Freeze            ||    61
         Ozocubu's Armour  ||     1
         Frozen Ramparts   ||     1
    Use: Potion            ||     1
 Armour: Robe              ||    35
  Dodge: Dodged            ||    43

Table legend: (Time is in decaauts)
 A = Elapsed time spent in this place.
 B = Non-inter-level travel time spent in this place.
 C = Inter-level travel time spent in this place.
 D = Time resting spent in this place.
 E = Time spent auto-exploring this place.
 F = Levels seen in this place.
 G = Mean time per level.
                   A        B        C        D        E       F      G
               +--------+--------+--------+--------+--------+-----+--------+
         Total |   2306 |   2220 |     86 |     63 |   1828 |   3 |  768.7 |
       Dungeon |   2306 |   2220 |     86 |     63 |   1828 |   3 |  768.7 |
               +--------+--------+--------+--------+--------+-----+--------+

Top non-repeatable levels by time:
     D:2: 1136 daAuts
     D:1: 785 daAuts
     D:3: 384 daAuts
